 Dungeon Crawl Stone Soup version 0.23-a0-405-g368ce00 (webtiles) character file.

4592 MisterFreud the Grappler (level 10, -2/89 HPs)
             Began as a Troll Monk on Nov 6, 2018.
             Slain by an orc wizard
             ... wielding a +0 halberd
              (9 damage)
             ... while paralysed by Erica
             ... on level 8 of the Dungeon.
             The game lasted 00:13:54 (5568 turns).

MisterFreud the Grappler (Troll Monk)               Turns: 5568, Time: 00:13:56

Health: -2/89      AC:  5    Str: 24    XL:     10   Next: 18%
Magic:  9/9        EV:  1    Int:  6    God:
Gold:   270        SH:  0    Dex: 12    Spells: 9/9 levels left

rFire    + . .     SeeInvis +     - Unarmed
rCold    . . .     Gourm    +   (no shield)
rNeg     . . .     Faith    .   a - +0 robe
rPois    .         Spirit   .   (helmet restricted)
rElec    .         Reflect  .   (no cloak)
rCorr    .         Harm     +   (gloves unavailable)
MR       .....                  (boots unavailable)
Stlth    +.........             H - amulet of harm
HPRegen  0.64/turn              j - ring of see invisible
MPRegen  0.11/turn              B - ring of Odeut {rF+ Stlth-}

@: paralysed, slowed
A: large, unfitting armour, claws 3, fast metabolism 3, gourmand, regeneration
1, shaggy fur 1, tough skin 2
a: no special abilities


You were on level 8 of the Dungeon.
You were very full.

You visited 2 branches of the dungeon, and saw 9 of its levels.

You collected 270 gold pieces.

Inventory:

Hand Weapons
 e - a +1 short sword of distortion
Missiles
 g - 157 stones
 l - 2 silver tomahawks
 n - 7 needles of sleeping
 o - 19 poisoned needles
 p - 16 tomahawks
 r - 4 javelins (quivered)
 w - 3 throwing nets
Armour
 a - a +0 robe (worn)
Jewellery
 c - an uncursed amulet of the acrobat
 j - a ring of see invisible (left claw)
 s - a +4 amulet of reflection
 v - an uncursed ring of ice
 B - the ring of Odeut (right claw) {rF+ Stlth-}
   (You found it on level 7 of the Dungeon)

   [ring of attention]

   It protects you from fire.
   It makes you less stealthy.
 H - an amulet of harm (around neck)
Wands
 m - a wand of clouds (3)
Scrolls
 f - 2 scrolls of remove curse
 x - 2 scrolls of identify
 y - 2 scrolls of amnesia {unknown}
 A - 2 scrolls of magic mapping
 D - a scroll of enchant armour {unknown}
 E - a scroll of acquirement {unknown}
 G - 2 scrolls of teleportation
Potions
 d - 2 potions of heal wounds
 h - a potion of flight
 i - a potion of might
 k - 2 potions of haste
 q - a potion of mutation {unknown}
 t - 2 potions of agility {unknown}
 u - a potion of cancellation {unknown}
 z - a potion of berserk rage {unknown}
 F - a potion of lignification {unknown}
Comestibles
 b - 23 rations


   Skills:
 + Level 2.8 Fighting
 - Level 6.0 Throwing
 - Level 8.1 Dodging
 - Level 1.0 Stealth
 - Level 10.0 Unarmed Combat


You had 9 spell levels left.
You didn't know any spells.
Your spell library contained the following spells:

 Spells                   Type           Power        Failure   Level  Hunger
 Animate Skeleton         Necr           N/A          45%         1    ##.....
 Apportation              Tloc           #.....       45%         1    ##.....
 Confusing Touch          Hex            #.....       45%         1    ##.....
 Corona                   Hex            #......      45%         1    ##.....
 Sting                    Conj/Pois      #...         45%         1    ##.....
 Summon Small Mammal      Summ           #...         45%         1    ##.....
 Ensorcelled Hibernation  Hex/Ice        #.....       58%         2    ###....
 Poisonous Vapours        Pois/Air       #.....       58%         2    ###....
 Confuse                  Hex            #.......     83%         3    ####...
 Dazzling Spray           Conj/Hex       #.....       83%         3    ####...
 Mephitic Cloud           Conj/Pois/Air  #.......     83%         3    ####...
 Tukima's Dance           Hex            #.......     83%         3    ####...
 Olgreb's Toxic Radiance  Pois           #.......     99%         4    #####..
 Venom Bolt               Conj/Pois      #.........   100%        5    ######.


Dungeon Overview and Level Annotations

Branches:
Dungeon (8/15)             Temple (1/1) D:6
   Lair: D:8-11

Altars:
Ashenzari
Cheibriados
Dithmenos
Elyvilon
Fedhas
Gozag
Hepliaklqana
Kikubaaqudgha
Makhleb
Nemelex Xobeh
Qazlal
Ru
Sif Muna
Trog
Uskayaw
Vehumet
Wu Jian
Xom
Yredelemnul
Zin
The Shining One

Portals:
Bailey: D:8

Annotations:
D:8 Erica


Innate Abilities, Weirdness & Mutations

You are too large for most types of armour.
You have claws for hands.
Your metabolism is lightning-fast.
You like to eat raw meat.
Your natural rate of healing is unusually fast.
You are covered in fur. (AC +1)
You have very tough skin. (AC +2)


Message History

* * * LOW HITPOINT WARNING * * *
Erica burns you.
* * * LOW HITPOINT WARNING * * *
The orc hits you but does no damage.
Erica points at you and mumbles some strange words.
You feel yourself slow down. The orc hits you with a +0 dagger.
* * * LOW HITPOINT WARNING * * *
Erica points at you and mumbles some strange words.
You resist with significant effort. The orc hits you with a +0 dagger.
* * * LOW HITPOINT WARNING * * *
Erica hits you with a +0 scimitar of flaming.
* * * LOW HITPOINT WARNING * * *
The orc hits you with a +0 dagger.
* * * LOW HITPOINT WARNING * * *
Erica hits you with a +0 scimitar of flaming.
* * * LOW HITPOINT WARNING * * *
The orc wizard hits you from afar with a halberd!
You die...

..)... #####..c...
+....oo$... #...o...#
#.......## #..(.....#
#### ##.###..##
##..########(###..##
#.........@oo......#
#.........#@.......#
#.........#........#
##....(....#........#
#......######......##
####...######.######
#.......#....#
#.......+....#
##.##..##...####


You could see Erica (invisible), an orc wizard and an orc.

Vanquished Creatures
  Harold (D:7)
  Pikel (D:5)
  Grinder (D:4)
  2 hippogriffs
  Sigmund (D:6)
  2 orc warriors
  A sky beast (D:5)
  2 ice beasts (D:5)
  2 slaves (D:5)
  2 phantoms (D:5)
  4 ogres
  2 centaurs
  2 bullfrogs (D:7)
  A gnoll sergeant (D:6)
  A scorpion (D:5)
  8 killer bees (D:7)
  3 crimson imps
  2 orc priests
  13 orc wizards
  A hound (D:4)
  A bullfrog skeleton (D:5)
  2 worker ants
  A hound zombie (D:6)
  A hound skeleton (D:7)
  A howler monkey zombie (D:6)
  A worker ant zombie (D:6)
  9 adders
  9 gnolls (D:6)
  An ooze (D:6)
  2 adder skeletons (D:4)
  11 worms
  3 dart slugs (D:2)
  7 leopard geckos
  26 orcs
  9 bats
  7 giant cockroaches
  8 goblins
  10 hobgoblins
  10 jackals
  3 quokkas
  3 frilled lizards
  A jackal skeleton (D:7)
  8 kobolds
  9 rats
195 creatures vanquished.

Vanquished Creatures (others)
  A slave (D:5)
1 creature vanquished.

Grand Total: 196 creatures vanquished

Notes
Turn   | Place    | Note
-------+----------+-------------------------------------------
     0 | D:1      | MisterFreud the Troll Monk began the quest for the Orb.
     0 | D:1      | Reached XP level 1. HP: 22/22 MP: 0/0
   186 | D:1      | Reached XP level 2. HP: 26/29 MP: 1/1
   422 | D:1      | Reached skill level 4 in Unarmed Combat
   844 | D:2      | Reached XP level 3. HP: 36/36 MP: 2/2
  1434 | D:2      | Reached XP level 4. HP: 29/44 MP: 3/3
  1438 | D:2      | Reached skill level 5 in Unarmed Combat
  1636 | D:2      | Found a glowing golden altar of the Shining One.
  1636 | D:2      | Found a glowing silver altar of Zin.
  1636 | D:2      | Found a white marble altar of Elyvilon.
  2044 | D:3      | Reached XP level 5. HP: 44/50 MP: 4/4
  2103 | D:3      | Reached skill level 6 in Unarmed Combat
  2328 | D:4      | Found a basalt altar of Yredelemnul.
  2413 | D:4      | Reached XP level 6. HP: 47/59 MP: 5/5
  2618 | D:4      | Noticed Grinder
  2619 | D:4      | Reached skill level 7 in Unarmed Combat
  2629 | D:4      | Paralysed by Grinder for 2 turns
  2632 | D:4      | Killed Grinder
  2632 | D:4      | Reached skill level 8 in Unarmed Combat
  2723 | D:4      | You fall through a shaft!
  2723 | D:5      | Entered Level 5 of the Dungeon
  2735 | D:5      | Reached XP level 7. HP: 63/66 MP: 6/6
  2919 | D:4      | Found a white marble altar of Elyvilon.
  3179 | D:5      | Reached skill level 5 in Dodging
  3205 | D:5      | Reached XP level 8. HP: 68/74 MP: 7/7
  3212 | D:5      | Found a shadowy altar of Dithmenos.
  3220 | D:5      | Noticed Pikel
  3233 | D:5      | Killed Pikel
  3283 | D:5      | Reached skill level 1 in Throwing
  3469 | D:5      | Found an opulent altar of Gozag.
  3470 | D:5      | Found a sacrificial altar of Ru.
  3725 | D:6      | Found a shimmering altar of Xom.
  3728 | D:6      | Found a staircase to the Ecumenical Temple.
  3801 | Temple   | Entered the Ecumenical Temple
  3869 | D:6      | Noticed Sigmund
  3881 | D:6      | Killed Sigmund
  3881 | D:6      | Reached XP level 9. HP: 76/80 MP: 8/8
  4398 | D:6      | Reached skill level 5 in Throwing
  4649 | D:7      | Got a pitted steel ring
  4650 | D:7      | Identified the ring of Odeut {rF+ Stlth-} (You found it on
                  | level 7 of the Dungeon)
  5078 | D:7      | Noticed Harold
  5099 | D:7      | Killed Harold
  5099 | D:7      | Reached skill level 9 in Unarmed Combat
  5115 | D:7      | Reached XP level 10. HP: 35/88 MP: 9/9
  5434 | D:8      | Noticed a two-headed ogre
  5495 | D:8      | Reached skill level 10 in Unarmed Combat
  5537 | D:8      | Found a flagged portal.
  5550 | D:8      | Noticed Erica
  5551 | D:8      | Paralysed by Erica for 6 turns
  5562 | D:8      | Paralysed by Erica for 7 turns
  5568 | D:8      | Slain by an orc wizard

Vault maps used:
D:1:      lightli_arrival_quake
D:2:      good_gods_mini_temple
D:3:      first_ration
D:4:      old_standard_altar, elyvilon_altar_1, uniq_grinder
D:5:      grunt_dithmenos_shadows, gammafunk_temple_overflow_statue,
          nicolae_ossuary_entry_monument, dk_noncrumbling_2,
          minmay_manual_monolith, uniq_pikel
D:6:      lemuel_crystal_altar, temple_statues, uniq_sigmund
D:7:      grunt_ogre_cave, lightli_orcish_oven, uniq_harold
D:8:      old_standard_altar, enter_bailey_2, uniq_erica
Temple:   cyrus_circular_temple

Skill      XL: |  1  2  3  4  5  6  7  8  9 10 |
---------------+-------------------------------+-----
Unarmed Combat | 4 5 6 8 9 10 | 10.0
Dodging        | 5 7 8 |  8.1
Throwing       | 4 6 |  6.0
Fighting       | |  2.8
Stealth        | |  1.0

Action                   |  1- 3 |  4- 6 |  7- 9 | 10-12 || total
-------------------------+-------+-------+-------+-------++-------
Melee: Unarmed           |   112 |   143 |   282 |    43 ||   580
       Punch             |     2 |     2 |     9 |     4 ||    17
Throw: Javelin           |       |       |     6 |     1 ||     7
  Use: Scroll            |       |    11 |       |       ||    11
       Potion            |       |       |     2 |     1 ||     3
 Stab: Sleeping          |     3 |     1 |     3 |       ||     7
  Eat: Chunk             |    18 |    12 |    22 |     3 ||    55
Armor: Robe              |    46 |    29 |    48 |    10 ||   133
Dodge: Dodged            |    46 |    85 |   180 |    39 ||   350
Block: Other             |       |       |     1 |       ||     1

Table legend:
 A = Non-vault XP
 B = Vault XP
 C = Vault XP percentage of total XP
 D = Non-vault monster count
 E = Vault monster count
 F = Vault count percentage of total count
                 A         B        C        D         E       F
            +---------+---------+-------+---------+---------+-------
      Total |    3936 |    2625 |  40.0 |     180 |      13 |   6.7
            +---------+---------+-------+---------+---------+-------
        D:1 |      38 |       0 |   0.0 |      22 |       0 |   0.0
        D:2 |      88 |       0 |   0.0 |      31 |       0 |   0.0
        D:3 |     180 |       0 |   0.0 |      31 |       0 |   0.0
        D:4 |     173 |     286 |  62.3 |      17 |       1 |   5.6
        D:5 |     904 |     863 |  48.8 |      27 |       3 |  10.0
        D:6 |     790 |     223 |  22.0 |      23 |       1 |   4.2
        D:7 |    1135 |    1253 |  52.5 |      22 |       8 |  26.7
        D:8 |     628 |       0 |   0.0 |       7 |       0 |   0.0
            +---------+---------+-------+---------+---------+-------
